[Event "Titled Tuesday Blitz April 11 Early 2023"]
[White "Timofeev, Artyom"]
[Black "Kuzubov, Yuriy"]
[WhiteFideId "4140419"]
[BlackFideId "14112906"]
[WhiteElo "2586"]
[BlackElo "2496"]
[Result "1-0"]
[Round "10"]
[TimeControl "180+2"]
[Date "2023.04.11"]
[WhiteClock "0:00:03"]
[BlackClock "0:00:01"]

1. c4 e5 2. d3 Nf6 3. Nf3 Nc6 4. Nc3 d5 5. cxd5 Nxd5 6. e3 Be7 7. Be2 O-O 8. O-O Re8 9. a3 a5 10. Qc2 Be6 11. Bd2 Nb6 12. b3 Bf8 13. Rfd1 f6 14. Be1 Qe7 15. Nd2 Red8 16. Bf3 Nd5 17. Nc4 Qf7 18. Nb5 Rd7 19. d4 exd4 20. Nxd4 Nxd4 21. Rxd4 a4 22. bxa4 Nxe3 23. fxe3 Rxd4 24. exd4 Bxc4 25. Bxb7 Bb3 26. Qd3 Rxa4 27. Bc6 Rxa3 28. Rxa3 Bxa3 29. Bg3 Bd5 30. Bxd5 Qxd5 31. Qxa3 Qxd4+ 32. Kf1 Qd1+ 33. Be1 Qd7 34. Qb3+ Qf7 35. Qb8+ Qf8 36. Qxc7 h6 37. Qc4+ Kh8 38. h3 Qd6 39. Qe2 Qd5 40. Bf2 Qf5 41. Kg1 Qb1+ 42. Kh2 Qb8+ 43. Bg3 Qc8 44. Qe7 Qf5 45. Bd6 Kh7 46. Qc7 Qg6 47. Bf8 Qg5 48. Bd6 Qf5 49. Bg3 Qg6 50. Qf4 Qd3 51. Qf3 Qg6 52. Bf4 Qb1 53. Be3 Qd3 54. Bf2 Qg6 55. g4 Qf7 56. Qf5+ Kh8 57. Kg2 Qb7+ 58. Qf3 Qd7 59. Be3 Qe7 60. Kf2 Qe6 61. Qf5 Qa2+ 62. Kg3 Qb3 63. Qf3 Qb8+ 64. Bf4 Qe8 65. Qe3 Qc6 66. h4 Qh1 67. Bxh6 gxh6 68. Qxh6+ Kg8 69. Qg6+ Kh8 70. Qxf6+ Kh7 71. Qf2 Qa1 72. Qf5+ Kh8 73. Qf2 Qe5+ 74. Kh3 Qc3+ 75. Kg2 Qc6+ 76. Qf3 Qc2+ 77. Kh3 Qc1 78. h5 Kg7 79. Qe4 Qa3+ 80. Kh4 Qc1 81. Qg6+ Kh8 82. Qf6+ Kh7 83. Qe7+ Kh8 84. Qe4 Qc7 85. h6 Qh2+ 86. Kg5 Qd2+ 87. Kg6 Qd6+ 88. Kh5 Qh2+ 89. Kg6 Qd6+ 90. Kg5 Qd2+ 91. Kf5 Qxh6 92. Qe8+ Kg7 93. Qe7+ Kg8 94. Qd8+ Kh7 95. Qe7+ Kg8 96. Qe6+ 1-0


[Site "https://www.chess.com"]

[Event "Titled Tuesday Blitz April 11 Early 2023"]
[White "Bacallao Alonso, Yusnel"]
[Black "Ibarra Jerez, Jose Carlos"]
[WhiteFideId "3507416"]
[BlackFideId "2226332"]
[WhiteElo "2561"]
[BlackElo "2638"]
[Result "0-1"]
[Round "10"]
[TimeControl "180+2"]
[Date "2023.04.11"]
[WhiteClock "0:00:01"]
[BlackClock "0:00:50"]

1. d4 Nf6 2. Nf3 g6 3. Bf4 d6 4. e3 Bg7 5. h3 O-O 6. Be2 c5 7. Nbd2 Nc6 8. c3 Be6 9. O-O Qb6 10. Ng5 Bf5 11. Nc4 Qd8 12. Nf3 b5 13. Ncd2 Qb6 14. a4 b4 15. Nc4 Qb7 16. Nfd2 Nd5 17. Bf3 Nxf4 18. exf4 bxc3 19. bxc3 Qc7 20. dxc5 dxc5 21. Nb3 Bxc3 22. Rc1 Rad8 23. Rxc3 Rxd1 24. Rxd1 Rd8 25. Rdc1 Nd4 26. Ncd2 Qxf4 27. Rxc5 Bxh3 28. R5c4 Be6 29. Rxd4 Rxd4 30. Nxd4 Qxd4 31. Ne4 Qxa4 32. Re1 Qb4 0-1


[Site "https://www.chess.com"]

[Event "Titled Tuesday Blitz April 11 Early 2023"]
[White "Galchenko, Matvey"]
[Black "Vachier-Lagrave, Maxime"]
[WhiteFideId "24175480"]
[BlackFideId "623539"]
[WhiteElo "2423"]
[BlackElo "2740"]
[Result "0-1"]
[Round "10"]
[TimeControl "180+2"]
[Date "2023.04.11"]
[WhiteClock "0:00:03"]
[BlackClock "0:01:16"]

1. e4 e5 2. Nf3 Nc6 3. d4 exd4 4. Nxd4 Bc5 5. Nb3 Bb6 6. Nc3 d6 7. Qe2 Be6 8. Be3 Nf6 9. O-O-O O-O 10. f3 Re8 11. Kb1 d5 12. Bg5 d4 13. Na4 h6 14. Bh4 Qd6 15. Bg3 Qb4 16. Qb5 Qe7 17. Bh4 g5 18. Bg3 Nh5 19. Nxb6 axb6 20. Be2 Red8 21. Rhf1 Na7 22. Qe5 Nc6 23. Qxc7 Qb4 24. a3 Rxa3 25. bxa3 Qxa3 26. Qxb6 Ra8 27. Bd6 Qxd6 28. Qc5 Qxh2 29. Nxd4 Nxd4 30. Qxd4 Qxg2 31. Bc4 Rc8 32. Bd3 Nf4 33. Rg1 Qxf3 34. Rdf1 Ne2 35. Rxf3 Nxd4 36. Rf2 Kg7 37. Kb2 Rc5 38. Ra1 Nc6 39. Ra8 Ne5 40. Rb8 Rc7 41. Ra8 h5 42. Ra5 f6 43. Rg2 h4 44. Rxe5 fxe5 45. Rxg5+ Kf6 46. Rh5 h3 47. Bf1 Bg4 48. Rh8 Bf3 49. Rf8+ Rf7 50. Rxf7+ Kxf7 51. Bxh3 Bxe4 52. Kc3 Kf6 53. Bc8 Kg5 54. Kd2 Kf4 55. Ke2 b6 56. c3 Bf3+ 57. Kd2 e4 58. Ba6 e3+ 59. Kc2 Kg3 60. Kc1 Kf2 61. Kb2 Bc6 62. Bd3 Bg2 63. Kb3 Bf1 0-1


[Site "https://www.chess.com"]

[Event "Titled Tuesday Blitz April 11 Early 2023"]
[White "Sadhwani, Raunak"]
[Black "Zhu, Jiner"]
[WhiteFideId "35093487"]
[BlackFideId "8608059"]
[WhiteElo "2631"]
[BlackElo "2384"]
[Result "1-0"]
[Round "10"]
[TimeControl "180+2"]
[Date "2023.04.11"]
[WhiteClock "0:00:04"]
[BlackClock "0:00:02"]

1. Nf3 Nf6 2. b3 g6 3. Bb2 Bg7 4. g3 O-O 5. Bg2 d6 6. d4 Nbd7 7. O-O e5 8. dxe5 Ng4 9. c4 Ngxe5 10. Nc3 Nxf3+ 11. exf3 a5 12. f4 Nc5 13. Qd2 Be6 14. Rad1 Qd7 15. Nb5 Bxb2 16. Qxb2 Rae8 17. h3 Re7 18. g4 f6 19. Rfe1 Bf7 20. Rxe7 Qxe7 21. Qd2 b6 22. Re1 Qd8 23. f5 gxf5 24. gxf5 Re8 25. Rxe8+ Bxe8 26. Nc3 Bf7 27. Qe3 Qe8 28. Nb5 Qd7 29. Nd4 Qe8 30. Qg3+ Kh8 31. Nb5 Qe7 32. h4 Be8 33. Bd5 Bf7 34. Bc6 Qe1+ 35. Kg2 Qe7 36. Qf4 Nd3 37. Qg3 Nb4 38. Bf3 Nxa2 39. h5 h6 40. Qf4 Kh7 41. Qg4 Nb4 42. Nd4 Nd3 43. Ne6 Bxe6 44. Qg6+ Kh8 45. Qxh6+ Kg8 46. fxe6 Ne5 47. Be4 Qg7+ 48. Qxg7+ Kxg7 49. h6+ Kf8 50. h7 Kg7 51. e7 1-0


[Site "https://www.chess.com"]

[Event "Titled Tuesday Blitz April 11 Early 2023"]
[White "Vysochin, Spartak"]
[Black "Svane, Rasmus"]
[WhiteFideId "14103516"]
[BlackFideId "4657101"]
[WhiteElo "2367"]
[BlackElo "2597"]
[Result "0-1"]
[Round "10"]
[TimeControl "180+2"]
[Date "2023.04.11"]
[WhiteClock "0:00:02"]
[BlackClock "0:00:03"]

1. e4 c6 2. d4 d5 3. exd5 cxd5 4. Bd3 Nc6 5. c3 Nf6 6. h3 g6 7. Bf4 Bf5 8. Be2 Bg7 9. Nf3 O-O 10. O-O Re8 11. Nbd2 Nd7 12. Re1 h6 13. Bf1 g5 14. Bg3 e6 15. Nb3 Rc8 16. Nc1 Nb6 17. Bd3 Qf6 18. Be5 Qg6 19. Bxg7 Kxg7 20. Bxf5 Qxf5 21. Nd3 Nc4 22. Qe2 Re7 23. b3 Nd6 24. Rac1 Ne4 25. c4 Nf6 26. c5 a5 27. a3 Ne4 28. b4 Qf6 29. Qe3 axb4 30. axb4 Na7 31. Nfe5 Nb5 32. Ng4 Qf5 33. f3 Ng3 34. f4 Ne4 35. Rf1 f6 36. fxg5 Qxg5 37. Nf4 Ra8 38. Ra1 Rxa1 39. Rxa1 Nxd4 40. Qxd4 Qxf4 41. Rf1 Qg5 42. b5 Rc7 43. c6 bxc6 44. Qb6 Rf7 45. bxc6 h5 46. c7 Rf8 47. Nh2 Qe5 48. Rc1 Rc8 49. Nf3 Qd6 50. Qb7 Qd7 51. Nd4 Nd6 52. Qb6 Kf7 53. Rc6 Nc4 54. Qc5 Ne5 55. Rxe6 Rxc7 56. Qb6 Qd8 57. Kh2 Nc4 58. Qa6 Re7 59. Rxe7+ Qxe7 60. Qa1 Ne5 61. Kh1 Ng6 62. Qa2 Qe4 63. Qa7+ Ne7 64. Qc5 h4 65. Nf3 Nf5 66. Qf2 Kg6 67. Kh2 d4 68. Kh1 d3 69. Kh2 Qf4+ 70. Kg1 Kg7 0-1


[Site "https://www.chess.com"]

[Event "Titled Tuesday Blitz April 11 Early 2023"]
[White "Kramnik, Vladimir"]
[Black "Ingebretsen, Jens E"]
[WhiteFideId "4101588"]
[BlackFideId "1522965"]
[WhiteElo "2712"]
[BlackElo "2213"]
[Result "1-0"]
[Round "10"]
[TimeControl "180+2"]
[Date "2023.04.11"]
[WhiteClock "0:00:02"]
[BlackClock "0:00:01"]

1. e4 c5 2. Nf3 Nc6 3. Nc3 g6 4. Bb5 Bg7 5. d3 Nd4 6. Bc4 e6 7. Bf4 Ne7 8. Nxd4 cxd4 9. Nb5 e5 10. Nd6+ Kf8 11. Nxf7 Qb6 12. Bxe5 Bxe5 13. Nxe5 Qa5+ 14. c3 Qxe5 15. Qf3+ Ke8 16. Qf7+ Kd8 17. f4 Qc5 18. Qf6 Re8 19. cxd4 Qb4+ 20. Kf2 d5 21. Rhc1 dxc4 22. Rxc4 Qb6 23. Qxb6+ axb6 24. a3 Bd7 25. Rb4 b5 26. a4 Rxa4 27. Raxa4 bxa4 28. Rxb7 Nc6 29. d5 Nd4 30. Ke3 Nb5 31. e5 Kc8 32. Rb6 Kc7 33. Ra6 Rb8 34. Rxa4 Bf5 35. Rc4+ Kd7 36. Rb4 Rb7 37. h3 Nd6 38. Ra4 Nc8 39. g4 Bxd3 40. Kxd3 Rxb2 41. f5 gxf5 42. gxf5 Rf2 43. Ke4 Re2+ 44. Kf4 Rf2+ 45. Kg5 Ne7 46. Ra7+ Ke8 47. d6 Rxf5+ 48. Kh6 Rxe5 49. dxe7 Rxe7 50. Ra8+ Kf7 51. h4 Re4 52. h5 Rh4 53. Rh8 Kf6 54. Rxh7 Rh1 55. Ra7 Rh2 56. Rb7 Rh1 57. Rb5 Rg1 58. Kh7 Kf7 59. h6 Kf6 60. Rb6+ Kf7 61. Rb3 Rg2 62. Rf3+ Ke7 63. Rf5 Ke6 64. Rf8 Ke7 65. Rg8 Rh2 66. Kg7 Rg2+ 67. Kh8 Rh2 68. h7 Kf7 69. Rg4 Rh1 70. Rf4+ Ke7 71. Kg7 Rg1+ 72. Kh6 Rh1+ 73. Kg6 Rh2 74. Rf5 Ke6 75. Rh5 Rg2+ 76. Rg5 Rh2 77. Kg7 Rh5 78. Rxh5 1-0


[Site "https://www.chess.com"]

[Event "Titled Tuesday Blitz April 11 Early 2023"]
[White "Indjic, Aleksandar"]
[Black "Petrov, Martin"]
[WhiteFideId "911925"]
[BlackFideId "2911086"]
[WhiteElo "2614"]
[BlackElo "2430"]
[Result "1-0"]
[Round "10"]
[TimeControl "180+2"]
[Date "2023.04.11"]
[WhiteClock "0:02:50"]
[BlackClock "0:00:21"]

1. d4 Nf6 2. c4 e6 3. Nc3 Bb4 4. e3 O-O 5. Bd3 d5 6. a3 Bxc3+ 7. bxc3 b6 8. cxd5 exd5 9. Ne2 c5 10. O-O Ba6 11. f3 Re8 12. Ng3 Bxd3 13. Qxd3 Nc6 14. Bb2 h5 15. e4 h4 16. Nf5 dxe4 17. fxe4 Rxe4 18. Nxg7 Ne5 19. Qc2 Kxg7 20. dxe5 Rxe5 21. c4 Re6 22. Rxf6 Rxf6 23. Rf1 1-0


[Site "https://www.chess.com"]

[Event "Titled Tuesday Blitz April 11 Early 2023"]
[White "EREBUNI91"]
[Black "Makarian, Rudik"]
[BlackFideId "44105681"]
[WhiteElo "2675"]
[BlackElo "2430"]
[Result "0-1"]
[Round "10"]
[TimeControl "180+2"]
[Date "2023.04.11"]
[WhiteClock "0:00:14"]
[BlackClock "0:00:48"]

1. e4 c5 2. Nf3 Nc6 3. Bb5 e6 4. O-O Nge7 5. Re1 a6 6. Bf1 b6 7. c3 d5 8. exd5 Nxd5 9. d4 cxd4 10. Nxd4 Bb7 11. Nxc6 Bxc6 12. Nd2 Qc7 13. Nf3 Bd6 14. h3 O-O 15. Qc2 h6 16. b3 Bb7 17. c4 Nf4 18. Bxf4 Bxf4 19. Be2 Rfd8 20. Rad1 a5 21. Rxd8+ Rxd8 22. Rd1 g6 23. Rxd8+ Qxd8 24. Qd3 Qxd3 25. Bxd3 f5 26. Nd4 Kf7 27. Nb5 Ke7 28. g3 Bd2 29. Kf1 Bb4 30. Ke2 Bc5 31. f3 Kf6 32. Nc7 Bc6 33. f4 g5 34. Nb5 e5 35. fxe5+ Kxe5 36. Nc7 f4 37. gxf4+ Kxf4 38. Nd5+ Kg3 39. Bf5 Be8 40. Nf6 Bf7 41. Ne4+ Kf4 42. Nxc5 bxc5 43. Bc8 h5 44. a3 Bg6 45. Kd2 Bf5 46. Bb7 Bxh3 47. Kc3 g4 48. b4 axb4+ 49. axb4 cxb4+ 50. Kxb4 g3 51. c5 g2 52. Bxg2 Bxg2 53. Kb5 h4 54. c6 Bxc6+ 0-1


[Site "https://www.chess.com"]

[Event "Titled Tuesday Blitz April 11 Early 2023"]
[White "Zarubitski, Viachaslau"]
[Black "Rustemov, Alexander"]
[WhiteFideId "13509373"]
[BlackFideId "4119002"]
[WhiteElo "2284"]
[BlackElo "2876"]
[Result "0-1"]
[Round "10"]
[TimeControl "180+2"]
[Date "2023.04.11"]
[WhiteClock "0:00:01"]
[BlackClock "0:00:16"]

1. c4 c5 2. Nf3 g6 3. g3 Bg7 4. Bg2 Nc6 5. O-O b6 6. e3 Nf6 7. Nc3 O-O 8. d4 Rb8 9. d5 Nb4 10. e4 d6 11. a3 Na6 12. e5 Nd7 13. exd6 exd6 14. Bg5 f6 15. Be3 Nc7 16. Qd2 a6 17. b4 f5 18. Rae1 Ne5 19. Nxe5 Bxe5 20. Bg5 Bf6 21. Bh6 Re8 22. Rxe8+ Nxe8 23. Re1 Rb7 24. b5 Re7 25. Rb1 axb5 26. Nxb5 Bd7 27. h4 Bxb5 28. Rxb5 Ra7 29. Rb3 Bg7 30. Bg5 Bf6 31. Bh6 Bd4 32. Bg5 Qd7 33. Qe2 Kf7 34. Rxb6 Nf6 35. Rb8 Qe7 36. Qxe7+ Rxe7 37. Kf1 Ra7 38. Bh6 Ng4 0-1


[Site "https://www.chess.com"]

[Event "Titled Tuesday Blitz April 11 Early 2023"]
[White "Gharibyan, Mamikon"]
[Black "Chernobay, Artem"]
[WhiteFideId "13308300"]
[BlackFideId "4167406"]
[WhiteElo "2445"]
[BlackElo "2474"]
[Result "1-0"]
[Round "10"]
[TimeControl "180+2"]
[Date "2023.04.11"]
[WhiteClock "0:00:02"]
[BlackClock "0:00:02"]

1. e4 c5 2. Nf3 e6 3. c3 d5 4. exd5 exd5 5. d4 Nc6 6. Bb5 Bd6 7. O-O Ne7 8. Be3 cxd4 9. Nxd4 O-O 10. Nd2 Ne5 11. h3 N7g6 12. Qh5 a6 13. Be2 Re8 14. Nf5 Bb8 15. Rad1 Qf6 16. Nd4 Nf4 17. Bxf4 Qxf4 18. g3 Qf6 19. Rfe1 g6 20. Qh6 Bd7 21. N2f3 Bc7 22. Nxe5 Rxe5 23. Bf3 Rae8 24. Rxe5 Rxe5 25. h4 Bb6 26. Kg2 Bc5 27. h5 Bf8 28. Qd2 g5 29. Rh1 g4 30. Bd1 Bh6 31. Qd3 Re8 32. Rh4 Re4 33. Bb3 Bg5 34. Rh1 Re5 35. Rd1 h6 36. Rf1 Kg7 37. Bc2 Kf8 38. Qh7 1-0


[Site "https://www.chess.com"]

[Event "Titled Tuesday Blitz April 11 Early 2023"]
[White "Belozerov, Andrei"]
[Black "Gabrielian, Artur"]
[WhiteFideId "4120213"]
[BlackFideId "4131002"]
[WhiteElo "2373"]
[BlackElo "2432"]
[Result "1-0"]
[Round "10"]
[TimeControl "180+2"]
[Date "2023.04.11"]
[WhiteClock "0:00:04"]
[BlackClock "0:00:21"]

1. e4 c5 2. Nf3 d6 3. Bb5+ Nd7 4. a4 Nf6 5. Nc3 a6 6. Be2 Qa5 7. O-O e6 8. d4 cxd4 9. Nxd4 Be7 10. Nb3 Qc7 11. a5 O-O 12. Be3 b5 13. axb6 Nxb6 14. Qd4 Nfd7 15. Rfd1 Rd8 16. Ra2 Nc5 17. Rda1 Bb7 18. Qb4 Rab8 19. Nxc5 dxc5 20. Qa5 Bd6 21. g3 Rdc8 22. Bxa6 Be5 23. Bxb7 Qxb7 24. Rd1 Nc4 25. Qa6 Qxa6 26. Rxa6 Nxb2 27. Rd7 Bxc3 28. Raa7 Nc4 29. Bf4 Ra8 30. Rxf7 Rxa7 31. Rxa7 e5 32. Bg5 h6 33. Be7 Bd4 34. Kg2 Rb8 35. c3 Bxc3 36. Bxc5 Nd2 37. Ra4 Rb2 38. h4 h5 39. Be3 Nb3 40. Rc4 Bd4 41. Bxd4 Nxd4 42. Rc5 Rb5 43. Rc7 Kh7 44. Re7 Kg6 45. Ra7 Rb6 46. Ra5 Nc6 47. Rc5 Kf6 48. Rd5 Ne7 49. Rc5 Rd6 50. Ra5 Nc6 51. Rc5 Nd4 52. Rc8 Ne6 53. Rh8 g6 54. Rc8 Rd4 55. Kf3 Rd3+ 56. Ke2 Ra3 57. Rc6 Ke7 58. Rb6 Nd4+ 59. Kf1 Kf7 60. Kg2 Nc2 61. Rb7+ Kf6 62. Rb6+ Kg7 63. Rb7+ Kh6 64. Rb5 Ne1+ 65. Kf1 Nf3 66. Kg2 Kg7 67. Rb7+ Kf6 68. Rb6+ Kg7 69. Rb7+ Kf8 70. Rb8+ Kf7 71. Rb7+ Ke8 72. Rb8+ Kd7 73. Rb7+ Kc6 74. Rg7 Nd2 75. Rxg6+ Kc5 76. Rf6 Nxe4 77. Rf5 Kd4 78. Kf1 Nd2+ 79. Ke2 e4 80. Kxd2 Ra2+ 81. Ke1 Kd3 82. Kf1 e3 83. fxe3 Kxe3 84. Kg1 Ra1+ 85. Rf1 Ra2 86. Rf4 Rb2 87. Rf5 Ke4 88. Rf4+ Ke3 89. Rf5 Ke4 90. Rf2 Ke3 91. Rxb2 Kf3 92. Rb5 Kg4 93. Rg5+ Kh3 94. Rxh5 Kxg3 95. Rh8 Kg4 96. h5 Kg5 97. Ra8 1-0


[Site "https://www.chess.com"]

[Event "Titled Tuesday Blitz April 11 Early 2023"]
[White "Itgelt, Khuyagtsogt"]
[Black "Khubukshanov, Erdem"]
[WhiteFideId "4902912"]
[BlackFideId "54114527"]
[WhiteElo "2227"]
[BlackElo "2420"]
[Result "0-1"]
[Round "10"]
[TimeControl "180+2"]
[Date "2023.04.11"]
[WhiteClock "0:00:04"]
[BlackClock "0:00:34"]

1. d4 e6 2. e4 d5 3. Nd2 c5 4. Ngf3 Nc6 5. exd5 Qxd5 6. Bc4 Qd7 7. Nb3 cxd4 8. Nbxd4 Nf6 9. O-O Be7 10. Nxc6 Qxc6 11. Ne5 Qc5 12. Qe2 O-O 13. Rd1 b6 14. Nf3 Bb7 15. Bb3 Nd5 16. c3 Rfd8 17. Bd2 Rd7 18. Ne5 Rd6 19. Nc4 Rdd8 20. Ne3 Nf4 21. Qg4 Nd3 22. Rab1 Bg5 23. Qe2 Qc6 24. Bc2 Nf4 25. Qg4 h5 26. Qf3 Qxf3 27. gxf3 Bxf3 28. Kf1 Be2+ 29. Ke1 Bxd1 30. Bxd1 Nd3+ 31. Ke2 Nxf2 32. Bc2 Rxd2+ 33. Kxd2 Ng4 34. Re1 Rd8+ 35. Bd3 Ne5 0-1


[Site "https://www.chess.com"]

[Event "Titled Tuesday Blitz April 11 Early 2023"]
[White "Urazayev, Arystanbek"]
[Black "Borgaonkar Akshay"]
[WhiteFideId "13709810"]
[BlackFideId "25639110"]
[WhiteElo "2449"]
[BlackElo "2063"]
[Result "1-0"]
[Round "10"]
[TimeControl "180+2"]
[Date "2023.04.11"]
[WhiteClock "0:00:46"]
[BlackClock "0:00:07"]

1. d4 Nf6 2. c4 g6 3. Nc3 Bg7 4. e4 O-O 5. h4 d6 6. h5 c5 7. h6 Bh8 8. d5 e6 9. Be2 exd5 10. exd5 Re8 11. Bg5 Qb6 12. b3 Ne4 13. Nxe4 Rxe4 14. Kf1 Bf5 15. Nf3 Re8 16. Rc1 Nd7 17. Nh4 Be4 18. f3 f6 19. Bd2 g5 20. fxe4 gxh4 21. Rxh4 f5 22. exf5 Ne5 23. Bh5 Re7 24. Bg5 Rd7 25. Rg4 Nxg4 26. Qxg4 Kf8 27. Re1 Be5 28. f6 Qc7 29. Qe6 b5 30. Bf4 bxc4 31. bxc4 Rb8 32. Bxe5 dxe5 33. Rxe5 Qd8 34. Rg5 Rb1+ 35. Kf2 Rb2+ 36. Kf3 1-0


[Site "https://www.chess.com"]

[Event "Titled Tuesday Blitz April 11 Early 2023"]
[White "Mamedov, Edgar"]
[Black "Flores, Diego"]
[WhiteFideId "13739980"]
[BlackFideId "108049"]
[WhiteElo "2330"]
[BlackElo "2613"]
[Result "0-1"]
[Round "10"]
[TimeControl "180+2"]
[Date "2023.04.11"]
[WhiteClock "0:00:15"]
[BlackClock "0:00:48"]

1. d4 Nf6 2. Nf3 e6 3. e3 g6 4. Bd3 Bg7 5. O-O d6 6. b3 O-O 7. Bb2 Re8 8. Nbd2 Nbd7 9. e4 e5 10. dxe5 Ng4 11. Rb1 Ngxe5 12. Nxe5 Nxe5 13. Be2 b6 14. f4 Nd7 15. Bxg7 Kxg7 16. Bf3 Bb7 17. c4 Nc5 18. Qc2 Qf6 19. b4 Qd4+ 20. Kh1 Nxe4 21. Bxe4 Bxe4 22. Qb2 Qxb2 23. Rxb2 Bd3 24. Rc1 Re2 25. Kg1 Rae8 26. c5 d5 27. cxb6 cxb6 28. Rc3 Re1+ 29. Kf2 R8e2+ 30. Kf3 Be4+ 31. Kg4 Rxg2+ 32. Kh3 Rh1 33. Nxe4 Rhxh2# 0-1


[Site "https://www.chess.com"]

[Event "Titled Tuesday Blitz April 11 Early 2023"]
[White "Domingo Nunez, Ruben"]
[Black "Goltsev, Dmitry"]
[WhiteFideId "22245570"]
[BlackFideId "24176710"]
[WhiteElo "2404"]
[BlackElo "2336"]
[Result "1-0"]
[Round "10"]
[TimeControl "180+2"]
[Date "2023.04.11"]
[WhiteClock "0:00:06"]
[BlackClock "0:00:01"]

1. b3 Nf6 2. Bb2 g6 3. Nf3 Bg7 4. e3 O-O 5. Be2 Nh5 6. d4 b6 7. O-O Bb7 8. c4 d6 9. Nc3 Nd7 10. Qc2 e5 11. Rad1 Qe7 12. Nd5 Qd8 13. dxe5 dxe5 14. Ba3 Re8 15. c5 c6 16. Nc3 f5 17. Bc4+ Kh8 18. cxb6 axb6 19. Bd6 c5 20. Nd5 e4 21. Bc7 Qc8 22. Ng5 Rf8 23. Ne6 Rf7 24. Nxb6 Nxb6 25. Rd8+ Qxd8 26. Bxd8 Nxc4 27. Nxg7 Na3 28. Qb2 Nxg7 29. Bf6 Nb5 30. Rd1 Bc6 31. a4 Nc7 32. Rd6 Be8 33. Qe5 Rb8 34. h4 Kg8 35. Bd8 Rxb3 36. Rf6 Rb1+ 37. Kh2 Rxf6 38. Bxf6 Nce6 39. h5 gxh5 40. a5 Bb5 41. Bxg7 Nxg7 42. Qb8+ Kf7 43. a6 Bd3 44. Qxb1 Bxb1 45. a7 Bd3 46. a8=Q c4 47. Qb7+ Kf6 48. Qb2+ Kf7 49. Kg3 Ne6 50. Kh4 f4 51. Qe5 fxe3 52. fxe3 Nf8 53. Kg5 Ng6 54. Qf6+ Ke8 55. Qg7 Ne7 56. Kf6 Nc6 57. Ke6 Kd8 58. Qd7# 1-0


[Site "https://www.chess.com"]

[Event "Titled Tuesday Blitz April 11 Early 2023"]
[White "Orlov, Georgi"]
[Black "Srihari L R"]
[WhiteFideId "2011271"]
[BlackFideId "46617116"]
[WhiteElo "2618"]
[BlackElo "2334"]
[Result "1-0"]
[Round "10"]
[TimeControl "180+2"]
[Date "2023.04.11"]
[WhiteClock "0:01:10"]
[BlackClock "0:00:01"]

1. d4 Nf6 2. Nf3 b6 3. c4 Bb7 4. Nc3 e6 5. Bg5 h6 6. Bh4 Be7 7. Qc2 d5 8. e3 O-O 9. Rd1 Nbd7 10. Bg3 Rc8 11. cxd5 exd5 12. Bd3 Re8 13. Bf5 Bd6 14. Nb5 Bxg3 15. hxg3 a6 16. Na7 Ra8 17. Nc6 Bxc6 18. Qxc6 Nf8 19. Ne5 Qd6 20. O-O g6 21. Bh3 Ne4 22. Rc1 f6 23. Nd3 f5 24. Qxd6 cxd6 25. Nb4 Nf6 26. Rc6 a5 27. Nd3 Rac8 28. Rfc1 Rxc6 29. Rxc6 N8d7 30. Rxd6 Kf7 31. Rc6 Ke7 32. Kf1 Rf8 33. Ne5 1-0


[Site "https://www.chess.com"]

[Event "Titled Tuesday Blitz April 11 Early 2023"]
[White "Molina, Roberto Junio Brito"]
[Black "Vakhidov, Shahzod"]
[WhiteFideId "2109450"]
[BlackFideId "14205270"]
[WhiteElo "2376"]
[BlackElo "2212"]
[Result "1-0"]
[Round "10"]
[TimeControl "180+2"]
[Date "2023.04.11"]
[WhiteClock "0:00:58"]
[BlackClock "0:00:21"]

1. e4 c5 2. Nf3 g6 3. d4 cxd4 4. Nxd4 Bg7 5. Nc3 Nc6 6. Nb3 Nf6 7. Be2 O-O 8. O-O d6 9. Re1 Be6 10. Bf1 a6 11. a4 Nd7 12. Nd5 Nc5 13. Nxc5 dxc5 14. c3 f5 15. Bg5 fxe4 16. Nxe7+ Nxe7 17. Qxd8 Rfxd8 18. Rxe4 Kf7 19. Rae1 Rd5 20. Rxe6 Nc6 21. Bc4 Rxg5 22. Rxc6+ Kf8 23. Rc7 1-0


[Site "https://www.chess.com"]

[Event "Titled Tuesday Blitz April 11 Early 2023"]
[White "Cherniaiev, Tykhon"]
[Black "Odegov, Artem"]
[WhiteFideId "14182360"]
[BlackFideId "34183644"]
[WhiteElo "2450"]
[BlackElo "2300"]
[Result "1-0"]
[Round "10"]
[TimeControl "180+2"]
[Date "2023.04.11"]
[WhiteClock "0:01:16"]
[BlackClock "0:00:24"]

1. Nf3 d5 2. d4 e6 3. c4 c5 4. cxd5 exd5 5. Nc3 Nc6 6. g3 Nf6 7. Bg2 Be7 8. O-O O-O 9. dxc5 Bxc5 10. Bg5 d4 11. Bxf6 Qxf6 12. Ne4 Qe7 13. Nxc5 Qxc5 14. Rc1 Qb6 15. Qd2 Re8 16. Rfd1 Bg4 17. Nxd4 Rad8 18. Bxc6 bxc6 19. Qf4 Bxe2 20. Nxe2 Rxd1+ 21. Rxd1 Rxe2 22. Rd7 f6 23. Qc4+ Re6 24. Qxe6+ Kf8 25. Qf7# 1-0


[Site "https://www.chess.com"]

[Event "Titled Tuesday Blitz April 11 Early 2023"]
[White "Budrewicz, Krzysztof"]
[Black "Csonka, Balazs"]
[WhiteFideId "1127950"]
[BlackFideId "742910"]
[WhiteElo "2230"]
[BlackElo "2404"]
[Result "1-0"]
[Round "10"]
[TimeControl "180+2"]
[Date "2023.04.11"]
[WhiteClock "0:00:31"]
[BlackClock "0:00:06"]

1. d4 Nf6 2. c4 e6 3. Nf3 c5 4. d5 exd5 5. cxd5 g6 6. Nc3 Bg7 7. e4 d6 8. Bb5+ Nbd7 9. a4 O-O 10. O-O Nh5 11. g4 Nhf6 12. h3 a6 13. Bc4 Re8 14. Re1 Ne5 15. Nxe5 Rxe5 16. f4 Nxg4 17. hxg4 Qh4 18. Kg2 Rh5 19. Rh1 Qxh1+ 20. Qxh1 Rxh1 21. Kxh1 Bxg4 22. Kg2 Re8 23. Bd3 f5 24. Bd2 Bxc3 25. bxc3 fxe4 26. Bc4 e3 27. Be1 Bf5 28. Be2 Kf7 29. Ra2 Re4 30. Bg3 Bd7 31. a5 Bb5 32. Kf3 Re7 33. Bxb5 axb5 34. Ke2 Re8 35. Rb2 Kf6 36. Rxb5 Kf5 37. Rxb7 Ke4 38. a6 Kxd5 39. a7 Ra8 40. Rxh7 Kc6 41. Kxe3 Kb6 42. Rg7 Rxa7 43. Rxa7 Kxa7 44. Ke4 Kb6 45. Kd5 Kc7 46. c4 Kd7 47. Be1 1-0


[Site "https://www.chess.com"]

[Event "Titled Tuesday Blitz April 11 Early 2023"]
[White "Jaferian, Koosha"]
[Black "Maxfan2008"]
[WhiteFideId "12507440"]
[WhiteElo "2073"]
[BlackElo "2514"]
[Result "1-0"]
[Round "10"]
[TimeControl "180+2"]
[Date "2023.04.11"]
[WhiteClock "0:02:02"]
[BlackClock "0:00:05"]

1. Nf3 d5 2. b3 Bg4 3. Bb2 Nd7 4. e3 e5 5. Be2 e4 6. Ng1 Bf5 7. d3 Ngf6 8. Nd2 exd3 9. cxd3 Bd6 10. Ngf3 O-O 11. O-O Re8 12. Rc1 c6 13. Re1 h6 14. Nf1 Bb4 15. Bc3 Bxc3 16. Rxc3 Qa5 17. Qd2 Rad8 18. Ng3 Bh7 19. Rec1 Ne5 20. Nxe5 Rxe5 21. d4 Re7 22. Bd3 Bxd3 23. Rxd3 Qxd2 24. Rxd2 Ne4 25. Nxe4 dxe4 26. Rdc2 f5 27. Rc5 g6 28. b4 a6 29. a4 Kf7 30. b5 axb5 31. axb5 cxb5 32. Rxb5 Ra8 33. g3 Kf6 34. Rb6+ Kg5 35. Rcb1 Ra7 36. Kg2 Rc7 37. Re6 Ra2 38. Rbb6 Rg7 39. h4+ Kh5 40. Rb5 Rf7 41. Kh3 g5 42. Rxf5 Rf6 43. g4+ Kg6 44. Rexf6+ Kg7 45. Rf7+ 1-0


[Site "https://www.chess.com"]

[Event "Titled Tuesday Blitz April 11 Early 2023"]
[White "HSH1987"]
[Black "Jumanov, Elbek"]
[BlackFideId "14202905"]
[WhiteElo "2694"]
[BlackElo "2055"]
[Result "1-0"]
[Round "10"]
[TimeControl "180+2"]
[Date "2023.04.11"]
[WhiteClock "0:00:17"]
[BlackClock "0:00:02"]

1. e4 c5 2. Nc3 e6 3. Nge2 a6 4. a4 Nc6 5. g3 Nf6 6. Bg2 Be7 7. O-O O-O 8. d4 cxd4 9. Nxd4 Qc7 10. Re1 d6 11. Nb3 Na5 12. Nd4 Rb8 13. Qd3 b6 14. b3 Bb7 15. Bb2 Rfd8 16. Rad1 Rbc8 17. h3 Nd7 18. Qe2 Nc6 19. Nxc6 Qxc6 20. Rd2 Bf6 21. Nd1 Bxb2 22. Nxb2 Nf6 23. Nc4 d5 24. exd5 Nxd5 25. Red1 Qc7 26. Qe5 Qxe5 27. Nxe5 Rc3 28. Nc4 Rc8 29. Bxd5 exd5 30. Nxb6 Re8 31. Nxd5 Bxd5 32. Rxd5 Rxc2 33. Rd8 Kf8 34. Rxe8+ Kxe8 35. Rd6 Rb2 36. Rb6 a5 37. Rb5 g6 38. h4 h5 39. Kg2 Ke7 40. Kf3 Kf6 41. Ke3 Kg7 42. f3 Rg2 43. Kf4 Rb2 44. Ke3 Rb1 45. Ke4 Rg1 46. Rxa5 Rxg3 47. Rb5 Rh3 48. a5 Rxh4+ 49. Ke3 Rh1 50. b4 Ra1 51. Rb6 h4 52. Kf4 f5 53. Kg5 h3 54. Rb7+ Kf8 55. Rh7 Rb1 56. a6 Rxb4 57. a7 Ra4 58. Rh8+ Kg7 59. a8=Q Rxa8 60. Rxa8 h2 61. Ra1 f4 62. Rh1 Kf7 63. Rxh2 1-0


[Site "https://www.chess.com"]